 Dungeon Crawl Stone Soup version 0.30-a0-702-gdf48620a09 (webtiles) character file.

Game seed: 6122723842062279835

512 ASSMAN the Poker (level 7, -9/52 HPs)
             Began as a Merfolk Berserker on Jan 22, 2023.
             Was a Priest of Trog.
             Mangled by Edmund
             ... wielding a +4 dire flail of protection
              (18 damage)
             ... on level 4 of the Dungeon.
             The game lasted 00:04:41 (2964 turns).

ASSMAN the Poker (Merfolk Berserker)                Turns: 2964, Time: 00:04:42

Health: -9/52      AC:  4    Str: 23    XL:     7   Next: 19%
Magic:  7/7        EV: 14    Int:  7    God:    Trog [***...]
Gold:   146        SH:  3    Dex: 15    Spells: 6/6 levels left

rFire   + . .      SeeInvis .    a - +0 spear
rCold   . . .      Faith    .    r - +0 buckler {rF+}
rNeg    + . .      Spirit   .    u - +0 leather armour
rPois   .          Reflect  .    q - +0 helmet
rElec   .          Harm     .    (no cloak)
rCorr   .          Rampage  .    (no gloves)
Will    .....                    (no boots)
Stlth   +                        (no amulet)
HPRegen 0.28/turn                h - ring of positive energy
MPRegen 0.10/turn                l - +6 ring of strength

@: on berserk cooldown, slowed, very slow
A: (nimble swimmer 2), mertail
a: Renounce Religion, Berserk, Trog's Hand


You were on level 4 of the Dungeon.
You worshipped Trog.
Trog was most pleased with you.
You visited 1 branch of the dungeon, and saw 4 of its levels.

You collected 146 gold pieces.

Inventory:

Hand Weapons
 a - a +0 spear (weapon)
Armour
 q - a +0 helmet (worn)
 r - a +0 buckler of fire resistance (worn)
 u - a +0 leather armour (worn)
Jewellery
 h - a ring of positive energy (left hand)
 l - a +6 ring of strength (right hand)
Scrolls
 b - a scroll of acquirement {unknown}
 e - 3 scrolls of identify {unknown}
 j - a scroll of fog {unknown}
 k - 2 scrolls of teleportation {unknown}
 m - 2 scrolls of vulnerability {unknown}
 o - a scroll of amnesia {unknown}
 t - a scroll of poison {unknown}
Potions
 c - a potion of invisibility {unknown}
 d - 2 potions of berserk rage {unknown}
 f - a potion of curing {unknown}
 g - a potion of degeneration {unknown}
 i - a potion of lignification {unknown}
 n - a potion of flight {unknown}
 p - 2 potions of might {unknown}
 s - a potion of haste {unknown}


   Skills:
 - Level 3.2 Fighting
 + Level 7.9 Polearms
 - Level 1.3 Armour
 + Level 7.3 Dodging


You had 6 spell levels left.
You didn't know any spells.
Your spell library contained the following spells:

 Spells                   Type           Power      Damage    Failure   Level
 Necrotise                Necr           0%         1d4       58%         1
 Sandblast                Erth           0%         2d4       58%         1
 Passwall                 Tmut/Erth      0%         N/A       73%         2
 Kindle Blastsparks       Fire/Tloc/Air  0%         2d10      91%         3
 Stone Arrow              Conj/Erth      0%         3d7       91%         3
 Vampiric Draining        Necr           0%         2d6       91%         3
 Animate Armour           Summ/Erth      0%         N/A       100%        4
 Fulminant Prism          Conj/Hex       0%         3d5       100%        4
 Iskenderun's Mystic Bla  Conj/Tloc      0%         2d3       100%        4
 Agony                    Necr           0%         N/A       100%        5
 Blade Hands              Tmut           0%         N/A       100%        5
 Lee's Rapid Deconstruct  Erth           0%         3d4*      100%        5
 Iron Shot                Conj/Erth      0%         9d1       100%        6


Dungeon Overview and Level Annotations

Branches:
Dungeon (4/15)
 Temple: D:4-7

Altars:
Xom

Annotations:
D:4 3 runed translucent doors, Edmund; Sigmund; Spectrina's ghost, weakling MfRe


Innate Abilities, Weirdness & Mutations

((You are very nimble when in or above water. (Stealth+, EV+, Speed+++)))
Your lower body shifts to a powerful aquatic tail in water.


Message History

You feel the power of Trog in you as your rage grows.
You destroy Menkaure!
Trog accepts your kill.
Trog appreciates your killing of a magic user.
Sigmund drinks a potion.
Sigmund's spells are empowered!
Edmund the Younger comes into view.
He is wielding a +4 dire flail of protection.
Your Dodging skill increases to level 7!
You have reached level 7!
Found a glowing orb.
Sigmund misses you.
You feel a strong urge to attack something.
You are no longer berserk.
You are exhausted.
You feel yourself slow down.
You hit Sigmund.
Sigmund is lightly wounded.
Sigmund misses you.
You hit Sigmund.
Sigmund is moderately wounded.
An orc comes into view. It is wielding a +0 hand axe.
You hit Sigmund.
Sigmund is heavily wounded.
Sigmund closely misses you.
Edmund hits you with a +4 dire flail of protection!
Edmund says, "People accused me of being a cutpurse!"
Edmund hits you with a +4 dire flail of protection!
You closely miss Sigmund.
Sigmund is heavily wounded.
Sigmund barely misses you.
Edmund hits you with a +4 dire flail of protection!
You hit Sigmund.
Sigmund is severely wounded.
Edmund misses you. Sigmund casts a spell at you. The puff of flame hits you.
You resist.
You barely miss Sigmund.
Sigmund is severely wounded.
Sigmund hits you with a +0 scythe!
* * * LOW HITPOINT WARNING * * *
Edmund hits you with a +4 dire flail of protection!!
You die...

...# ... ....## ..## ......#
...# .......##...####
.......#..<... ...o....>[.
###.##@@....#
#.......@....#####
#.##..............
#.#####.##.#.#### #.#
#.##)#.####### ###
##.#####.##.#.......#
....##..................<###.#
.............................#
..............###....)...###.#
#########.....# ##.#.....#


You could see Edmund, Sigmund (empowered) and an orc.

Vanquished Creatures
  Menkaure (D:4)
  A bullfrog (D:3)
  A scorpion (D:4)
  Natasha (twice) (D:2)
  2 orc wizards (D:3)
  4 gnolls (D:2)
  4 adders
  3 worms (D:2)
  4 dart slugs
  2 orcs (D:3)
  8 endoplasms
  2 giant cockroaches (D:1)
  3 goblins
  7 hobgoblins
  14 jackals
  4 kobolds
  3 quokkas
  9 ball pythons
  5 bats
  3 frilled lizards (D:2)
  2 rats
84 creatures vanquished.

Notes
Turn   | Place    | Note
-------+----------+-------------------------------------------
     0 | D:1      | ASSMAN the Merfolk Berserker began the quest for the Orb.
     0 | D:1      | Reached XP level 1. HP: 18/18 MP: 1/1
    86 | D:1      | Reached XP level 2. HP: 24/24 MP: 2/2
   394 | D:1      | Reached XP level 3. HP: 23/29 MP: 3/3
   688 | D:2      | Reached skill level 5 in Polearms
   727 | D:2      | Reached ** piety under Trog
   846 | D:2      | Reached XP level 4. HP: 26/35 MP: 4/4
  1164 | D:2      | Reached skill level 5 in Dodging
  1164 | D:2      | Reached XP level 5. HP: 24/41 MP: 5/5
  1603 | D:2      | Noticed Natasha
  1616 | D:2      | Killed Natasha
  1785 | D:2      | Noticed Natasha
  1801 | D:2      | Killed Natasha
  1974 | D:3      | Reached XP level 6. HP: 47/47 MP: 6/6
  2158 | D:3      | Reached *** piety under Trog
  2270 | D:3      | Found a shimmering altar of Xom.
  2896 | D:4      | Found a runed translucent gate.
  2896 | D:4      | Found a runed translucent gate.
  2898 | D:4      | Found a runed translucent gate.
  2900 | D:4      | Noticed Spectrina's ghost (weakling MfRe)
  2949 | D:4      | Noticed Menkaure
  2952 | D:4      | Noticed Sigmund
  2956 | D:4      | Killed Menkaure
  2956 | D:4      | Noticed Edmund
  2957 | D:4      | Reached XP level 7. HP: 52/52 MP: 7/7
  2964 | D:4      | Mangled by Edmund

Illustrated notes

Levels and vault maps discovered:
D:1:      giann_wishing_wells, layout_rooms
D:2:      minmay_razor_zed, layout_loops_ring, uniq_natasha
D:3:      layout_basic, xom_butterflies
D:4:      layout_loops_ring, lemuel_tele_altar,
          lemuel_mausoleum_altar_yredelemnul, gammafunk_ghost_split,
          nicolae_shop_unique_rings, minmay_parallelograms,
          minmay_misc_feat_secret_circle, kennysheep_generic_room_3,
          uniq_menkaure, uniq_edmund, uniq_sigmund

Skill      XL: |  1  2  3  4  5  6 |
---------------+-------------------+-----
Dodging        | 3 4 5 7 |  7.3
Polearms       | 5 6 7 |  7.9
Fighting       | |  3.2
Armour         | |  1.3

Action                   |  1- 3 |  4- 6 |  7- 9 || total
-------------------------+-------+-------+-------++-------
Melee: Spear             |   105 |   211 |     6 ||   322
       Punch             |     2 |     2 |       ||     4
Invok: Berserk           |     1 |     5 |       ||     6
 Stab: Sleeping          |     3 |     4 |       ||     7
Armor: Animal skin       |    17 |    20 |       ||    37
       Leather armour    |       |     1 |       ||     1
Dodge: Dodged            |    43 |    81 |     5 ||   129
Block: Buckler           |       |     6 |       ||     6

Table legend: (Time is in decaauts)
 A = Elapsed time spent in this place.
 B = Non-inter-level travel time spent in this place.
 C = Inter-level travel time spent in this place.
 D = Time resting spent in this place.
 E = Time spent auto-exploring this place.
 F = Levels seen in this place.
 G = Mean time per level.
                   A        B        C        D        E       F      G
               +--------+--------+--------+--------+--------+-----+--------+
         Total |   2931 |   2727 |    204 |     85 |   2087 |   4 |  732.8 |
       Dungeon |   2931 |   2727 |    204 |     85 |   2087 |   4 |  732.8 |
               +--------+--------+--------+--------+--------+-----+--------+

Top non-repeatable levels by time:
     D:2: 1277 daAuts
     D:3: 923 daAuts
     D:1: 642 daAuts
     D:4: 88 daAuts
